Nicholas, lawful male human Knight -------------- |............| |............| |............| |.<....).....| ------------- |............| |`.........`| -.------------ |.....`.....| ##### |...-----...| # |...|.@&|...| ### |..`|{@x|`..| # #`I ##%|...|.u.|...-###### -|---- #----- ##....--.--...| # |.....)#)###|..%| # |.....`.....| |..%.| #.^..-%### |`.........`| |....+######|...| ------------- ------ ----- Nicholas the Esquire Experience level: 5 Strength: 15 Dexterity: 10 Constitution: 13 Intelligence: 7 Wisdom: 16 Charisma: 17 Health: 0(43) Energy: 54(54) Def: 7 Gold: 243 Moves: 4240 Dungeon seed: UghE8BLlE7L2eCQR Game ID: Nicholas_1512314243 Your Inventory: Coins $ - 243 gold pieces Weapons a - an uncursed +1 long sword (weapon in hand) b - an uncursed corroded +1 lance Armor e - an uncursed corroded +1 ring mail (being worn) n - a blessed +0 helmet (being worn) q - an uncursed +0 small shield (being worn) r - an uncursed +0 pair of leather gloves (being worn) y - an uncursed +0 orcish cloak (being worn) Y - an uncursed +0 pair of low boots (being worn) Comestibles f - 10 uncursed carrots g - an uncursed partly eaten food ration h - 2 uncursed sprigs of wolfsbane i - 2 uncursed tripe rations v - 2 uncursed pears L - an uncursed food ration Scrolls t - an uncursed scroll of blank paper x - an uncursed scroll of stinking cloud named uc z - an uncursed scroll of enchant armor named uc A - an uncursed scroll of identify named uc Potions j - a potion of holy water I - 2 uncursed potions of water J - an uncursed potion of water Wands c - an uncursed wand of undead turning (0:5) p - an uncursed wand of lightning (0:0) Tools K - an uncursed skeleton key Gems N - 2 uncursed worthless pieces of white glass Spells and supernatural/magical abilities: Name Level Category Fail Memory W - pray for help -- divine ? -- X - turn undead -- divine ? -- Y - supernatural jump -- ability ? -- Your skills at the end: Miscellaneous Skills shield [Basic] wands [Basic] riding [Basic] Weapon Skills long sword [Basic] polearms [Basic] Spellcasting Skills Final Attributes: You were stridently aligned. You could jump. You were lucky. You are dead. Vanquished creatures: 2 dingos a rock piercer a gnome lord an elf zombie 2 puppies 2 floating eyes a homunculus an iguana 3 rothes 9 rabid rats a centipede 2 jitterbugs 3 orc zombies a dwarf zombie a wererat 4 coyotes an acid blob 3 geckos a hobgoblin 24 giant rats 2 yellow molds a red mold a gnome 6 jackals a fox 3 kobolds 5 newts 3 goblins 63 sewer rats 9 grid bugs a bat 4 lichens 3 kobold zombies 166 creatures vanquished. Voluntary challenges: You did not adorn yourself with jewelry or accessories. You did not cause conflict. You were not invisible. You did not have reflection. You were not displaced. You used a wielded weapon 112 times, starting on turn 80. You did not use tools. You did not use sinks. You did not drink any magical draughts. You were illiterate. You never genocided any monsters. You never polymorphed an object. You never changed form. You used no wishes. You never split a pudding. You never wrote Elbereth's name. You violated your moral code, losing 2 points of alignment, starting on turn 1877. Dungeon overview: The Dungeons of Doom: levels 1 to 6 Level 1 an altar to Lugh, a fountain a long staircase Level 2 an altar to Brigit, some fountains a long staircase Level 3 some fountains Level 4 Level 5 Level 6 <- You were here some fountains History has recorded: On T:1 you entered the Dungeons of Doom to retrieve the Amulet of Yendor! On T:497 you reached level 2 of The Dungeons of Doom. On T:823 you advanced to experience level 2. On T:1080 you reached level 3 of The Dungeons of Doom. On T:1276 you prayed to Lugh. On T:1515 you reached level 4 of The Dungeons of Doom. On T:1877 you advanced to experience level 3. On T:2323 you advanced to experience level 4. On T:2691 you reached level 5 of The Dungeons of Doom. On T:2799 you prayed to Lugh. On T:2912 you advanced to experience level 5. On T:3349 you reached level 6 of The Dungeons of Doom. Score breakdown: Gold: 243 ( 24 points) Experience: 5 levels ( 400 points) Exploration: 6 levels ( 150 points) Discoveries: 8 items ( 400 points) Variety of kills: 33 monsters ( 1650 points) Major goal: (nothing yet) ( 0 points) Survival: died (score multiplied by 3) Total score: 7872 Latest messages: The water demon bites Fat Ninny. Fat Ninny kicks the water demon. Fat Ninny bites the water demon. Fat Ninny kicks the water demon. Fat Ninny bites the water demon. The jitterbug misses the water demon. Fat Ninny kicks the water demon. Fat Ninny misses the water demon. The jitterbug misses the water demon. (2x) The water demon misses the jitterbug. (3x) The jitterbug misses the water demon. (2x) The water demon misses the jitterbug. (2x) The water demon bites the jitterbug. The jitterbug misses the water demon. (2x) The water demon claws you! (2x) The water demon bites! The jitterbug misses the water demon. (2x) You slash the water demon. The water demon claws you! (2x) The water demon bites! The jitterbug misses the water demon. (2x) The water demon claws you! (2x) The water demon bites! You die... Final status: Fare thee well Nicholas the Knight, killed by a water demon... You died in The Dungeons of Doom on dungeon level 6 with 7872 points, and 243 pieces of gold, after 4240 moves. You were level 5 with a maximum of 43 hit points when you died.